 Dungeon Crawl Stone Soup version 0.27.1-3-gb3d3a73c9e (webtiles) character file.

Game seed: 12872539884015648765

38 Eitelfritz the Covered (level 3, -1/34 HPs)
             Began as a Deep Dwarf Fighter on Oct 29, 2021.
             Slain by a gnoll (9 damage)
             ... on level 4 of the Dungeon.
             The game lasted 00:01:28 (244 turns).

Eitelfritz the Covered (Deep Dwarf Fighter)          Turns: 244, Time: 00:01:29

Health: -1/34      AC: 10    Str: 20    XL:     3   Next: 25%
Magic:  3/3        EV:  7    Int:  8    God:
Gold:   16         SH:  9    Dex: 12    Spells: 2/2 levels left

rFire    . . .     SeeInvis .   a - +0 war axe
rCold    . . .     Faith    .   c - +0 kite shield
rNeg     . . .     Spirit   .   b - +0 scale mail
rPois    .         Reflect  .   (no helmet)
rElec    .         Harm     .   g - +2 cloak
rCorr    .         Rampage  .   (no gloves)
Will     .....                  (no boots)
Stlth    ..........             (no amulet)
HPRegen  0.00/turn              (no ring)
MPRegen  0.08/turn              (no ring)

@: no status effects
A: damage resistance, heal wounds, sense surroundings 1, no regeneration
a: Heal Wounds


You were on level 4 of the Dungeon.
You visited 1 branch of the dungeon, and saw 4 of its levels.

You collected 16 gold pieces.

Inventory:

Hand Weapons
 a - a +0 war axe (weapon)
Armour
 b - a +0 scale mail (worn)
 c - a +0 kite shield (worn)
 g - a +2 cloak (worn)
Scrolls
 e - a scroll of enchant armour {unknown}
 h - a scroll of amnesia {unknown}
Potions
 d - a potion of might
 f - 2 potions of flight {unknown}


   Skills:
 + Level 3.2 Fighting
 + Level 2.4 Axes
 + Level 3.7 Armour
 + Level 3.6 Shields


You had 2 spell levels left.
You didn't know any spells.
Your spell library contained the following spells:

 Spells                   Type           Power      Damage    Failure   Level
 Beastly Appendage        Tmut           0%         N/A       99%         1
 Static Discharge         Conj/Air       0%         N/A       100%        2
 Wereblood                Tmut           0%         N/A       100%        2
 Spider Form              Tmut/Pois      0%         N/A       100%        3
 Lightning Bolt           Conj/Air       0%         1d11      100%        5
 Maxwell's Capacitive Co  Air            0%         ∞         100%        8


Dungeon Overview and Level Annotations

Branches:
Dungeon (4/15)
 Temple: D:4-7

Altars:
Zin


Innate Abilities, Weirdness & Mutations

You are resistant to damage.
You can heal yourself by infusing magical energy.
You passively map a small area around you.
You do not regenerate.


Message History

Deactivating autopickup; reactivate with Ctrl-A.
The ball python bites you. The ball python constricts you.
You slash the goblin!
You kill the goblin!
You completely miss the ball python. You hit the quokka.
The quokka barely misses you. You block the ball python's attack.
The ball python constricts you.
The quokka bites you but does no damage.
The ball python bites you but does no damage.
The ball python constricts you. Something hits you.
Your shield prevents you from hitting the ball python.
You hit the quokka.
You kill the quokka!
You slash the endoplasm!
You kill the endoplasm!
The ball python barely misses you. The ball python constricts you.
Something hits you. The ball python barely misses you.
The ball python constricts you.
You barely miss the ball python. You block something's attack.
The ball python bites you but does no damage.
The ball python constricts you. Something hits you.
You block the gnoll's attack.
You slash the ball python!
You kill the ball python!
You hit the gnoll. Something hits you. The gnoll hits you with a +0 club.
You have reached level 3!
Your experience leads to an increase in your attributes!
Increase (S)trength, (I)ntelligence, or (D)exterity?
You feel stronger.
You slash the gnoll!
You kill the gnoll!
Something hits you! Something hits you.
* * * LOW HITPOINT WARNING * * *
Unknown command.
Something hits you but does no damage.
You see here a +0 dagger.
You block something's attack.
You miss something. You block something's attack.
You barely miss something. Something hits you!
You die...

* #.# ......#######..
, #.. ,##....#.......
,,
##..####..##...#####.
#...........g.## #. *
, #..#...######.## #.
### #...## #[..# #.
,... *#....# #.#.#*
*.. #.###.##.# #. ##
.# * #..#)@.#... ..
,* #.†'†8.#####.8
#...##)...# ... * ,
*#.# ##...# #... * *#
, #....#.Z.. , ,
##...?. , * ,,*
.<.8.<,* * , * ......
* , , , ..#.


There were no monsters in sight!

Vanquished Creatures
  A gnoll (D:4)
  An adder (D:3)
  A dart slug (D:1)
  2 endoplasms
  A goblin (D:4)
  A hobgoblin (D:2)
  4 jackals (D:1)
  2 kobolds
  A quokka (D:4)
  A ball python (D:4)
  A rat (D:2)
16 creatures vanquished.

Vanquished Creatures (others)
  A plant (D:4)
1 creature vanquished.

Grand Total: 17 creatures vanquished

Notes
Turn   | Place    | Note
-------+----------+-------------------------------------------
     0 | D:1      | Eitelfritz the Deep Dwarf Fighter began the quest for the
                  | Orb.
     0 | D:1      | Reached XP level 1. HP: 20/20 MP: 1/1
    65 | D:1      | Reached XP level 2. HP: 24/27 MP: 2/2
   194 | D:4      | Found a glowing silver altar of Zin.
   240 | D:4      | Reached XP level 3. HP: 18/34 MP: 3/3
   244 | D:4      | Slain by a gnoll

Illustrated notes

Levels and vault maps discovered:
D:1:      lightli_arrival_quake, layout_loops_cross,
          shapermc_ecumenical_altar_notcrosses, minmay_cupped
D:2:      layout_basic, minmay_quadrilaterals
D:3:      layout_loops_ring, lemuel_crystal_altar,
          ebering_ghost_reflecting_pool, hangedman_abyss_or_decor_lesser_grid,
          st_stairs_14, kennysheep_orc_chapel, uniq_robin, uniq_jessica
D:4:      layout_rooms, mainiacjoe_overflow_tiny_flanked,
          mainiacjoe_overflow_catwalk, grunt_ministairs_13,
          amcnicky_mini_pool_small, hangedman_abyss_or_decor_stabs

Skill      XL: |  1  2 |
---------------+-------+-----
Fighting       | 3 |  3.2
Axes           | |  2.4
Armour         | |  3.7
Shields        | |  3.6

Action                   || total
-------------------------++-------
Melee: War axe           ||    39
Armor: Scale mail        ||    20
Dodge: Dodged            ||    14
Block: Kite shield       ||    23
